 Dungeon Crawl Stone Soup version 0.23-a0-650-ga4d50d4 (console) character file.

74 Duffy the Firebug (level 4, 30/30 HPs)
             Began as a Demonspawn Fire Elementalist on Jan 6, 2019.
             Was an Initiate of Cheibriados.
             Quit the game on level 2 of the Dungeon.
             The game lasted 00:01:36 (1857 turns).

Duffy the Firebug (Demonspawn Fire Elementalist)    Turns: 1857, Time: 00:01:37

Health: 30/30      AC:  5    Str: 10    XL:     4   Next: 10%
Magic:  8/8        EV: 12    Int: 18    God:    Cheibriados [......]
Gold:   66         SH:  0    Dex: 14    Spells: 4/8 levels left

rFire    . . .     SeeInvis .   b - +0 dagger
rCold    . . .     Gourm    .   (no shield)
rNeg     . . .     Faith    .   a - +0 robe
rPois    .         Spirit   .   (helmet restricted)
rElec    .         Reflect  .   d - +2 cloak
rCorr    .         Harm     .   (no gloves)
MR       .....                  (no boots)
Stlth    ++........             (no amulet)
HPRegen  0.10/turn              (no ring)
MPRegen  0.11/turn              (no ring)

@: very slow
A: antennae 2
a: Bend Time, Renounce Religion


You were on level 2 of the Dungeon.
You worshipped Cheibriados.
Cheibriados was noncommittal.
You were hungry.

You visited 1 branch of the dungeon, and saw 2 of its levels.

You collected 66 gold pieces.

Inventory:

Hand Weapons
 b - a +0 dagger (weapon)
Armour
 a - a +0 robe (worn)
 d - a +2 cloak (worn)
Scrolls
 f - 2 scrolls of identify {unknown}
 g - a scroll of blinking {unknown}
 h - a scroll of remove curse {unknown}
 k - a scroll of teleportation {unknown}
 m - a scroll of amnesia {unknown}
Potions
 e - 2 potions of brilliance {unknown}
 j - a potion of heal wounds {unknown}
 l - a potion of curing {unknown}
Comestibles
 c - 4 rations


   Skills:
 - Level 1.7 Dodging
 - Level 1.7 Stealth
 + Level 2.8 Spellcasting
 + Level 2.3 Conjurations
 + Level 3.4 Fire Magic


You had 4 spell levels left.
You knew the following spells:

 Your Spells              Type           Power        Failure   Level  Hunger
h - Flame Tongue          Conj/Fire      ##...        4%          1    None
l - Conjure Flame         Conj/Fire      ##......     16%         3    ###....

Your spell library contained the following spells:

 Spells                   Type           Power        Failure   Level  Hunger
 Throw Flame              Conj/Fire      ##....       8%          2    ##.....
 Inner Flame              Hex/Fire       #.......     24%         3    ###....
 Sticky Flame             Conj/Fire      ##......     45%         4    ####...
 Fireball                 Conj/Fire      ##........   80%         5    ######.


Dungeon Overview and Level Annotations

Branches:
Dungeon (2/15)

Altars:
Cheibriados
Ru


Innate Abilities, Weirdness & Mutations

You have a pair of antennae on your head.


Message History

Confirm with . or Enter, or press ? or * to list all spells.
Aiming: Flame Tongue (safe; 4% risk of failure)
Press: ? - help, Shift-Dir - straight line, f - bat
Aim: a bat The flame tongue hits the bat.
You kill the bat!
Cheibriados thoroughly appreciates the change of pace.
Casting: Flame Tongue (safe; 4% risk of failure)
Confirm with . or Enter, or press ? or * to list all spells.
You can't see any susceptible monsters within range! (Use Z to cast anyway.)
Casting: Flame Tongue (safe; 4% risk of failure)
Confirm with . or Enter, or press ? or * to list all spells.
You can't see any susceptible monsters within range! (Use Z to cast anyway.)
Casting: Flame Tongue (safe; 4% risk of failure)
Confirm with . or Enter, or press ? or * to list all spells.
You can't see any susceptible monsters within range! (Use Z to cast anyway.) All of the chunks of flesh in your inventory have rotted away.
Found a sacrificial altar of Ru.
You are feeling hungry.
Are you sure you want to abandon this character and quit the game? (Confirm

#....## #.##..#
###..##.# #..#..#.#
#...#.#.# #.#...#.#
##.#.##.#
#...#.#.#########
#.#...#.@.......##
#..#..#..........##
##..###...........#
##_##............#
###.............#
#..............#
#..............#
##......>.....##
##..........## ##


There were no monsters in sight!

Vanquished Creatures
  4 adders (D:2)
  2 dart slugs
  2 leopard geckos
  A giant cockroach (D:1)
  5 goblins
  3 hobgoblins (D:2)
  7 bats
  6 kobolds
  6 rats
36 creatures vanquished.

Notes
Turn   | Place    | Note
-------+----------+-------------------------------------------
     0 | D:1      | Duffy the Demonspawn Fire Elementalist began the quest for
                  | the Orb.
     0 | D:1      | Reached XP level 1. HP: 13/13 MP: 3/3
   211 | D:1      | Gained mutation: You have a pair of small antennae on your
                  | head. [demonic ancestry]
   211 | D:1      | Reached XP level 2. HP: 19/19 MP: 0/5
   665 | D:1      | Reached skill level 3 in Fire Magic
  1077 | D:2      | Reached XP level 3. HP: 24/24 MP: 2/6
  1150 | D:2      | Learned a level 3 spell: Conjure Flame
  1369 | D:2      | Found a snail-covered altar of Cheibriados.
  1443 | D:2      | Became a worshipper of Cheibriados the Contemplative
  1748 | D:2      | Gained mutation: You have a pair of antennae on your head.
                  | [demonic ancestry]
  1748 | D:2      | Reached XP level 4. HP: 27/30 MP: 2/8
  1840 | D:2      | Found a sacrificial altar of Ru.
  1857 | D:2      | Quit the game

Vault maps used:
D:1:      lemuel_arrival_funnel, serial_glass, glass_columns_b, glass_columns_a
D:2:      cheibriados_altar_1, marbit_many_paths, first_ration

Skill      XL: |  1  2  3 |
---------------+----------+-----
Fire Magic     | 3 |  3.4
Conjurations   | 2 |  2.3
Dodging        | |  1.7
Stealth        | |  1.7
Spellcasting   | |  2.8

Action                   |  1- 3 |  4- 6 || total
-------------------------+-------+-------++-------
Melee: Dagger            |    40 |     1 ||    41
 Cast: Flame Tongue      |    55 |     3 ||    58
  Eat: Chunk             |     3 |       ||     3
Armor: Robe              |    37 |     2 ||    39
Dodge: Dodged            |    77 |     1 ||    78

Table legend:
 A = Non-vault XP
 B = Vault XP
 C = Vault XP percentage of total XP
 D = Non-vault monster count
 E = Vault monster count
 F = Vault count percentage of total count
                 A         B        C        D         E       F
            +---------+---------+-------+---------+---------+-------
      Total |     106 |       1 |   0.9 |      35 |       1 |   2.8
            +---------+---------+-------+---------+---------+-------
        D:1 |      27 |       0 |   0.0 |      17 |       0 |   0.0
        D:2 |      79 |       1 |   1.2 |      18 |       1 |   5.3
            +---------+---------+-------+---------+---------+-------
